 Dungeon Crawl Stone Soup version 0.24-a0-235-g3f03afcf10 (webtiles) character file.

Game seed: 4554457242357537382

25 Redear the Gusty (level 2, 0/20 HPs)
             Began as a Demigod Air Elementalist on Apr 8, 2019.
             Slain by a frilled lizard (2 damage)
             ... on level 1 of the Dungeon.
             The game lasted 00:02:07 (581 turns).

Redear the Gusty (Demigod Air Elementalist)          Turns: 581, Time: 00:02:07

Health: 0/20       AC:  3    Str: 11    XL:     2   Next: 63%
Magic:  0/7        EV: 12    Int: 19    God:
Gold:   108        SH:  0    Dex: 16    Spells: 4/5 levels left

rFire    . . .     SeeInvis .   (no weapon)
rCold    . . .     Gourm    .   (no shield)
rNeg     . . .     Faith    .   a - +0 robe
rPois    .         Spirit   .   (no helmet)
rElec    .         Reflect  .   (no cloak)
rCorr    .         Harm     .   (no gloves)
MR       .....                  (no boots)
Stlth    ++........             (no amulet)
HPRegen  0.06/turn              f - ring of wizardry {Wiz+}
MPRegen  0.10/turn              (no ring)

@: no status effects
A: yellow scales 1, deformed body, high mp 1
a: no special abilities


You were on level 1 of the Dungeon.
You were not hungry.

You visited 1 branch of the dungeon, and saw 1 of its levels.

You collected 108 gold pieces.

Inventory:

Hand Weapons
 e - a +2 vampiric short sword {!w}
Armour
 a - a +0 robe (worn)
 h - a +0 pair of gloves
Jewellery
 f - a ring of wizardry (left hand) {Wiz+}
Scrolls
 c - a scroll of identify {unknown}
 g - a scroll of amnesia {unknown}
 i - a scroll of enchant armour {unknown}
Potions
 b - a potion of heal wounds {unknown}
 d - a potion of mutation {!q}
Comestibles
 z - 2 rations


   Skills:
 - Level 1.7 Dodging
 - Level 1.7 Stealth
 + Level 2.2 Spellcasting
 + Level 1.6 Conjurations
 + Level 3.1 Air Magic


You had 4 spell levels left.
You knew the following spells:

 Your Spells              Type           Power        Failure   Level  Hunger
a - Shock                 Conj/Air       ##..         2%          1    #......

Your spell library contained the following spells:

 Spells                   Type           Power        Failure   Level  Hunger
 Swiftness                Chrm/Air       #.......     5%          2    ##.....
 Static Discharge         Conj/Air       ##......     8%          3    ###....
 Airstrike                Air            ##........   19%         4    #####..
 Lightning Bolt           Conj/Air       ##........   54%         5    ######.


Dungeon Overview and Level Annotations

Branches:
Dungeon (1/15)


Innate Abilities, Weirdness & Mutations

You have an increased reservoir of magic. (+10% MP)
You are partially covered in yellow scales. (AC +2)
Armour fits poorly on your strangely shaped body.


Message History

The zap hits the frilled lizard.
The frilled lizard is heavily wounded.
The zap hits the jackal.
You kill the jackal!
The zap misses the frilled lizard.
The frilled lizard closely misses you.
You now have 0/7 mp.
You miss the frilled lizard.
The frilled lizard is heavily wounded.
The frilled lizard bites you.
* * * LOW HITPOINT WARNING * * *
You miss the frilled lizard.
The frilled lizard is heavily wounded.
The frilled lizard bites you.
* * * LOW HITPOINT WARNING * * *
You take 3 damage, and have 2/20 hp.
It was a potion of mutation.
You feel extremely strange.
Your body twists and deforms.
Yellow scales grow over part of your body.
The frilled lizard bites you.
You die...

.......#.##.#.#.#####'######
.......####.#...##.........#
.......##...##..##.........#
.......##.####..##.........#
.......##.# #..##.........#
.......##.####...#.........#
.########....#...##...#######
.# #.##.#...##†#####...## .#
######.##.##>@l†.#.....#..#
.#
#.........########.#..###.#
.# #......#### #...†(#..# .#
#......# #..#[...## ##
#......## ##.###...#
#.......# #...#..#.#
#.......#########.#...##.#
#............(.##.....####
#........#####†##.......#


You could see a frilled lizard.

Vanquished Creatures
  A dart slug (D:1)
  2 bats (D:1)
  2 giant cockroaches (D:1)
  A goblin (D:1)
  4 hobgoblins (D:1)
  2 jackals (D:1)
  A frilled lizard (D:1)
  6 kobolds (D:1)
  3 rats (D:1)
22 creatures vanquished.

Notes
Turn   | Place    | Note
-------+----------+-------------------------------------------
     0 | D:1      | Redear the Demigod Air Elementalist began the quest for the
                  | Orb.
     0 | D:1      | Reached XP level 1. HP: 14/14 MP: 5/5
    21 | D:1      | Reached skill level 1 in Conjurations
   110 | D:1      | Reached skill level 2 in Spellcasting
   318 | D:1      | Reached XP level 2. HP: 15/20 MP: 0/7
   415 | D:1      | Reached skill level 3 in Air Magic
   580 | D:1      | HP: 2/20 [frilled lizard (3)]
   581 | D:1      | Gained mutation: Armour fits poorly on your strangely
                  | shaped body. [potion of mutation]
   581 | D:1      | Gained mutation: You are partially covered in yellow
                  | scales. (AC +2) [potion of mutation]
   581 | D:1      | Slain by a frilled lizard

Levels and vault maps discovered:
D:1:      wander_arrival_desolate, layout_basic, minmay_pentomino_x2

Skill      XL: |  1  2 |
---------------+-------+-----
Conjurations   | 1 |  1.6
Spellcasting   | 2 |  2.2
Air Magic      | 3 |  3.1
Dodging        | |  1.7
Stealth        | |  1.7

Action                   || total
-------------------------++-------
Melee: Unarmed           ||    33
 Cast: Shock             ||    42
  Use: Potion            ||     1
 Stab: Sleeping          ||     1
Armor: Robe              ||     7
Dodge: Dodged            ||    39

Table legend:
 A = Non-vault XP
 B = Vault XP
 C = Vault XP percentage of total XP
 D = Non-vault monster count
 E = Vault monster count
 F = Vault count percentage of total count
                 A         B        C        D         E       F
            +---------+---------+-------+---------+---------+-------
      Total |      34 |       2 |   5.6 |      20 |       2 |   9.1
            +---------+---------+-------+---------+---------+-------
        D:1 |      34 |       2 |   5.6 |      20 |       2 |   9.1
            +---------+---------+-------+---------+---------+-------
